 Dungeon Crawl Stone Soup version 0.27.1 (webtiles) character file.

Game seed: 15302122732678032908

35 ZARRMARR the Chiller (level 3, -2/24 HPs)
             Began as a Merfolk Ice Elementalist on Aug 28, 2021.
             Slain by Edmund (10 damage)
             ... on level 4 of the Dungeon.
             The game lasted 00:04:44 (1227 turns).

ZARRMARR the Chiller (Merfolk Ice Elementalist)     Turns: 1227, Time: 00:04:45

Health: -2/24      AC:  2    Str:  8    XL:     3   Next: 35%
Magic:  4/6        EV: 13    Int: 15    God:
Gold:   47         SH:  0    Dex: 14    Spells: 5/6 levels left

rFire    . . .     SeeInvis .   b - +0 whip
rCold    . . .     Faith    .   (no shield)
rNeg     . . .     Spirit   .   a - +0 robe
rPois    .         Reflect  .   (no helmet)
rElec    .         Harm     .   (no cloak)
rCorr    .         Rampage  .   (no gloves)
Will     .....                  (no boots)
Stlth    ++........             (no amulet)
HPRegen  0.08/turn              (no ring)
MPRegen  0.10/turn              (no ring)

@: no status effects
A: (nimble swimmer 2), mertail
a: no special abilities


You were on level 4 of the Dungeon.
You visited 1 branch of the dungeon, and saw 3 of its levels.

You collected 47 gold pieces.

Inventory:

Hand Weapons
 b - a +0 whip (weapon)
Missiles
 d - 5 poisoned darts (quivered)
Armour
 a - a +0 robe (worn)
Scrolls
 e - a scroll of teleportation {unknown}
 g - a scroll of fear {unknown}
 h - 3 scrolls of identify {unknown}
Potions
 c - 3 potions of curing {unknown}
 f - a potion of flight {unknown}
 i - a potion of invisibility {unknown}


   Skills:
 + Level 3.0 Dodging
 - Level 2.1 Stealth
 - Level 2.0 Spellcasting
 + Level 5.5 Ice Magic


You had 5 spell levels left.
You knew the following spells:

 Your Spells              Type           Power      Damage    Failure   Level
a - Freeze                Ice            72%        1d9       2%          1

Your spell library contained the following spells:

 Spells                   Type           Power      Damage    Failure   Level
 Frozen Ramparts          Ice            36%        1d5       7%          3
 Ozocubu's Armour         Ice            18%        N/A       7%          3
 Summon Small Mammal      Summ           4%         N/A       22%         1
 Call Canine Familiar     Summ           1%         N/A       54%         3
 Summon Guardian Golem    Hex/Summ       1%         N/A       54%         3
 Hailstorm                Conj/Ice       9%         3d4       56%         4


Dungeon Overview and Level Annotations

Branches:
Dungeon (2/15)

Altars:

Annotations:
D:4 Edmund


Innate Abilities, Weirdness & Mutations

((You are quick and stealthy near water. (Stealth+, EV+, Speed+++)))
Your lower body shifts to a powerful aquatic tail in water.


Message History

Aim: Edmund, wielding a +1 vorpal flail and wearing a +0 scale mail (very poisoned, 61% to hit)
You throw a poisoned dart. The poisoned dart hits Edmund.
Unknown command.
A quokka comes into view.
Throw: 8 darts (poison)
Press: ? - help, Q - select action, (/) - cycle Shift-Dir - straight line, f/p - Edmund
Aim: Edmund, wielding a +1 vorpal flail and wearing a +0 scale mail (very poisoned, 61% to hit)
You throw a poisoned dart. The poisoned dart hits Edmund.
Edmund looks even sicker.
Throw: 7 darts (poison)
Press: ? - help, Q - select action, (/) - cycle Shift-Dir - straight line, f/p - Edmund
Aim: Edmund, wielding a +1 vorpal flail and wearing a +0 scale mail (lightly wounded, very poisoned, 61% to hit)
You throw a poisoned dart.
The poisoned dart closely misses Edmund.
The poisoned dart misses the quokka.
Throw: 6 darts (poison)
Press: ? - help, Q - select action, (/) - cycle Shift-Dir - straight line, f/p - Edmund
Aim: Edmund, wielding a +1 vorpal flail and wearing a +0 scale mail (lightly wounded, very poisoned, 61% to hit)
You throw a poisoned dart.
The poisoned dart closely misses Edmund.
Casting: Freeze (safe; 2% risk of failure)
Confirm with . or Enter, or press ? or * to list all spells.
Aiming: Freeze (safe; 2% risk of failure)
Press: ? - help, Shift-Dir - straight line, f/p - Edmund
Aim: Edmund, wielding a +1 vorpal flail and wearing a +0 scale mail (lightly wounded, very poisoned)
You freeze Edmund.
Edmund is lightly wounded.
Edmund hits you with a +1 vorpal flail!
Ouch! That really hurt!
* * * LOW HITPOINT WARNING * * *
Casting: Freeze (safe; 2% risk of failure)
Confirm with . or Enter, or press ? or * to list all spells.
Aiming: Freeze (safe; 2% risk of failure)
Press: ? - help, Shift-Dir - straight line, f/p - Edmund
Aim: Edmund, wielding a +1 vorpal flail and wearing a +0 scale mail (lightly wounded, very poisoned)
You freeze Edmund.
Edmund is lightly wounded.
Edmund clears his throat.
Edmund hits you with a +1 vorpal flail!
You die...

.....
.(...
..(...
(.....
......#
....(.r##
......@.#
# #@## ##
#..## #.
##..# #.
##.## #.
#..## #
##..# #
##.## #
#..## ##
##..#
#####.


You could see Edmund (very poisoned) and a quokka.

Vanquished Creatures
  3 dart slugs
  7 ball pythons
  3 endoplasms
  2 giant cockroaches (D:1)
  2 goblins (D:1)
  A hobgoblin (D:1)
  A bat (D:1)
  A frilled lizard (D:1)
  3 kobolds (D:1)
  4 rats (D:1)
27 creatures vanquished.

Notes
Turn   | Place    | Note
-------+----------+-------------------------------------------
     0 | D:1      | ZARRMARR the Merfolk Ice Elementalist began the quest for
                  | the Orb.
     0 | D:1      | Reached XP level 1. HP: 13/13 MP: 3/3
   324 | D:1      | Reached XP level 2. HP: 18/19 MP: 0/5
   351 | D:1      | Reached skill level 5 in Ice Magic
   352 | D:1      | Found a faded altar of an unknown god.
   947 | D:1      | Reached XP level 3. HP: 20/24 MP: 2/6
  1159 | D:2      | You fall into a shaft and drop 2 floors!
  1218 | D:4      | Noticed Edmund
  1227 | D:4      | Slain by Edmund

Illustrated notes

Levels and vault maps discovered:
D:1:      roderic_dead_forest, layout_basic,
          dreamdust_ecumenical_altar_angels_and_demons
D:2:      layout_rooms, basic_altar, item_on_display_a
D:4:      layout_cave_pods, portal_sewer_entry_a, uniq_ijyb, uniq_edmund

Skill      XL: |  1  2 |
---------------+-------+-----
Ice Magic      | 5 |  5.5
Dodging        | 3 |  3.0
Stealth        | |  2.1
Spellcasting   | |  2.0

Action                   || total
-------------------------++-------
Melee: Unarmed           ||    12
       Whip              ||     6
Throw: Dart              ||    42
 Cast: Freeze            ||    26
Armor: Robe              ||     6
Dodge: Dodged            ||    17
